 Dungeon Crawl Stone Soup version 0.27.1-34-g3ba077fa99 (webtiles) character file.

Game seed: 17371809808455062942

54 Delamore the Sneak (level 3, -5/15 HPs)
             Began as a Felid Transmuter on Jan 21, 2022.
             Was a Believer of Wu Jian.
             Slain by an ogre (18 damage)
             ... on level 4 of the Dungeon.
             The game lasted 00:03:08 (3844 turns).

Delamore the Sneak (Felid Transmuter)               Turns: 3844, Time: 00:03:09

Health: -5/15      AC:  1    Str:  6    XL:     3   Next: 66%
Magic:  8/8        EV: 18    Int: 14    God:    Wu Jian [**....]
Gold:   182        SH:  0    Dex: 17    Spells: 6/7 levels left
                                        Lives:  0   Deaths: 1

rFire    . . .     SeeInvis +     - Unarmed
rCold    + . .     Faith    .   (shield unavailable)
rNeg     . . .     Spirit   .   (armour unavailable)
rPois    .         Reflect  .   (helmet unavailable)
rElec    .         Harm     .   (cloak unavailable)
rCorr    .         Rampage  .   (gloves unavailable)
Will     .....                  (boots unavailable)
Stlth    +++.......             f - amulet of magic regeneration
HPRegen  0.05/turn              h - ring of protection from cold
MPRegen  0.36/turn              (no ring)

@: quick
A: very small, claws 1, fangs 3, see invisible, speed 1, shaggy fur 1, stealthy
paws, no weapons or thrown items, no armour, multi-lived
a: Renounce Religion, Wall Jump


You were on level 4 of the Dungeon.
You worshipped Wu Jian.
Wu Jian was pleased with you.
You visited 1 branch of the dungeon, and saw 4 of its levels.

You collected 182 gold pieces.

Inventory:

Jewellery
 f - an amulet of magic regeneration (around neck)
 h - a ring of protection from cold (left paw)
Scrolls
 a - a scroll of enchant weapon
 g - a scroll of magic mapping
Potions
 b - a potion of brilliance
 c - a potion of attraction {unknown}
 d - a potion of mutation {unknown}
 e - a potion of curing {unknown}


   Skills:
 - Level 1.0 Fighting
 + Level 4.0 Dodging
 * Level 4.4 Stealth
 - Level 3.0 Unarmed Combat
 + Level 2.8 Spellcasting
 - Level 2.1 Transmutations


You had 6 spell levels left.
You knew the following spells:

 Your Spells              Type           Power      Damage    Failure   Level
a - Beastly Appendage     Tmut           16%        N/A       9%          1

Your spell library contained the following spells:

 Spells                   Type           Power      Damage    Failure   Level
 Wereblood                Tmut           8%         N/A       14%         2
 Spider Form              Tmut/Pois      2%         N/A       38%         3
 Ice Form                 Ice/Tmut       5%         N/A       80%         4


Dungeon Overview and Level Annotations

Branches:
Dungeon (4/15)
 Temple: D:4-7

Altars:
Qazlal
Wu Jian

Shops:
D:1 :


Innate Abilities, Weirdness & Mutations

You have sharp claws.
You have razor-sharp teeth.
You have supernaturally acute eyesight. (SInv)
You cover ground quickly. (Speed+)
You are covered in fur. (AC +1)
Your paws help you pounce on unaware monsters.
You are incapable of wielding weapons or throwing items.
You cannot wear armour.
You gain extra lives every three experience levels.


Message History

You scratch the endoplasm but do no damage.
The endoplasm is almost dead.
The endoplasm hits you.
You claw the endoplasm!
You kill the endoplasm!
The Council accepts your kill.
No target in view!
No target in view!
No target in view!
No target in view!
No target in view!
No target in view!
No target in view!
No target in view!
No target in view!
No target in view!
An orc comes into view. It is wielding a +0 dagger.
An orc is nearby!
An orc is nearby!
Found a stone staircase leading up.
An ogre comes into view. It is wielding a +0 giant club.
The ogre shouts!
The ogre moves out of view.
An orc comes into view. It is wielding a +2 mace of holy wrath.
An orc comes into view. It is wielding a +2 vorpal hand axe.
The orc shouts!
Found a hand axe.
You barely miss the ogre.
The orc shouts!
The ogre closely misses you.
You scratch the ogre.
The ogre is lightly wounded.
The ogre barely misses you.
You scratch the ogre.
The ogre is lightly wounded.
You scratch the ogre. You bite the ogre.
The ogre is heavily wounded.
The ogre hits you with a +0 giant club!!
Ouch! That really hurt!
You die...

#########
#........).
#.........#
#.........#
#.........#
#...<.....#
#....oo...#
#....o..# #..O@.#
#####.# #####.##
##......##
#........##
#..........#
#..........########.
#..........#........
#............#######


You could see an ogre and 3 orcs.

Vanquished Creatures
  Terence (D:2)
  2 adders (D:2)
  A worm (D:3)
  2 dart slugs
  An orc (D:2)
  6 endoplasms
  A giant cockroach (D:2)
  10 goblins
  10 hobgoblins
  6 quokkas
  7 ball pythons
  3 bats
  3 frilled lizards
  4 kobolds
  2 rats (D:1)
59 creatures vanquished.

Notes
Turn   | Place    | Note
-------+----------+-------------------------------------------
     0 | D:1      | Delamore the Felid Transmuter began the quest for the Orb.
     0 | D:1      | Reached XP level 1. HP: 9/9 MP: 4/4
    37 | D:1      | Reached skill level 1 in Stealth
   110 | D:1      | Reached XP level 2. HP: 11/12 MP: 6/6
   291 | D:1      | Found Baewnim's Book Boutique.
  1261 | D:1      | Found a faded altar of an unknown god.
  1430 | D:1      | Became a worshipper of the Wu Jian Council
  1430 | D:1      | Reached * piety under Wu Jian
  1795 | D:2      | Noticed Terence
  1824 | D:2      | Killed Terence
  1825 | D:2      | Reached XP level 3. HP: 5/15 MP: 7/7
  2307 | D:2      | Reached XP level 4. HP: 19/19 MP: 8/8
  2377 | D:2      | Found a stormy altar of Qazlal.
  2422 | D:2      | Reached ** piety under Wu Jian
  3821 | D:4      | Mangled by a gnoll
  3822 | D:4      | Reached XP level 3. HP: -10/15 MP: 8/8
  3837 | D:4      | Noticed an ogre
  3844 | D:4      | Slain by an ogre

Illustrated notes

Levels and vault maps discovered:
D:1:      mrwooster_arrival_statue_3, layout_loops_ring, serial_shops, shop,
          shapermc_ecumenical_altar_mp_highgroup
D:2:      layout_loops_ring, basic_altar, corexii_shack,
          kennysheep_generic_room_16, uniq_terence
D:3:      layout_loops_ring
D:4:      layout_rooms, kennysheep_minor_cross

Skill      XL: |  1  2  3  4 |
---------------+-------------+-----
Stealth        | 1 3 4 |  4.4
Dodging        | 3 4 |  4.0
Fighting       | |  1.0
Unarmed Combat | |  3.0
Spellcasting   | |  2.8
Transmutations | |  2.1

Action                   |  1- 3 |  4- 6 || total
-------------------------+-------+-------++-------
Melee: Unarmed           |    78 |    73 ||   151
       Bite              |    11 |     3 ||    14
Invok: Lunge             |     3 |    17 ||    20
  Use: Scroll            |     1 |     3 ||     4
 Stab: Sleeping          |     4 |     9 ||    13
       Distracted        |       |     1 ||     1
Armor: Skin              |     2 |     2 ||     4
Dodge: Dodged            |    44 |    43 ||    87
